 Dungeon Crawl Stone Soup version 0.32-a0-871-ge202e49faa (webtiles) character file.

Game seed: 15628931224473774690

4415097 Khashishi the Conqueror (level 27, 249/249 HPs)
             Began as a Coglin Artificer on Mar 22, 2024.
             Was the Champion of Wu Jian.
             Escaped with the Orb
             ... and 5 runes
             ... and 4 gems on Mar 29, 2024!
             The game lasted 06:29:43 (50675 turns).

Khashishi the Conqueror (Coglin Artificer)         Turns: 50675, Time: 06:29:44

Health: 249/249    AC: 12    Str: 16    XL:     27
Magic:  27/27      EV: 42    Int: 13    God:    Wu Jian [******]
Gold:   6558       SH:  0    Dex: 32    Spells: 16/32 levels left

rFire   + . .        U - +8 demon trident "Rift" {distort, reach+}
rCold   + . .        Z - +9 double sword (freeze) {Malena}
rNeg    . . .        j - +0 leather armour of the Sky {^Contam Dex+5 Slay+5}
rPois   +            N - +0 mask of the Dragon {Will+ Slay+3 SInv}
rElec   +            e - scarf "Qauf Beash" {shadows, rF+ Int+2 Dex+2}
rCorr   +            v - +3 pair of gauntlets of War {Slay+5}
SInv    +            h - +0 pair of boots "Zemeleb" {rC+ Regen+}
Will    ++++.        (amulet unavailable)
Stlth   ++           (ring unavailable)
HPRegen 1.41/turn    (ring unavailable)
MPRegen 0.20/turn    R - geosubsystem Ver.10 {AutoDazzle, rPois rF+ rCorr}

%: random rage (3%)
@: studying 3 skills
A: off-hand wielding, slow wielding, warmup strikes, no jewellery, iridescent
scales 1, see invisible, berserk 1, strong-willed 1, mutation resistance 2,
electricity resistance, heat vulnerability 1, sturdy frame 1
0: Orb of Zot
}: 5/15 runes: decaying, serpentine, slimy, silver, abyssal
a: Renounce Religion, Wall Jump, Serpent's Lash, Heavenly Storm


You escaped.
You worshipped Wu Jian.
Wu Jian was exalted by your worship.
You visited 12 branches of the dungeon, and saw 54 of its levels.
You visited the Abyss 2 times.
You visited 1 bazaar.
You also visited: Trove, Bailey, Gauntlet and Desolation.

You collected 11364 gold pieces.
You spent 4806 gold pieces at shops.

Inventory:

Hand Weapons
 x - a +6 double sword of flaming
 U - the +8 demon trident "Rift" (weapon) {distort, reach+}
   (You found it on level 15 of the Dungeon)
 Z - a +9 double sword of freezing (offhand) {Malena}
Missiles
 t - 25 silver javelins (quivered)
 u - a throwing net
Armour
 e - the scarf "Qauf Beash" (worn) {shadows, rF+ Int+2 Dex+2}
   (You found it on level 5 of the Vaults)

   Int+2:     It affects your intelligence (+2).
   Dex+2:     It affects your dexterity (+2).
   rF+:       It protects you from fire.
 h - the +0 pair of boots "Zemeleb" (worn) {rC+ Regen+}
   (You bought it in a shop on level 2 of the Orcish Mines)

   rC+:       It protects you from cold.
   Regen+:    It increases your rate of health regeneration.
 j - the +0 leather armour of the Sky (worn) {^Contam Dex+5 Slay+5}
   (You found it in the Desolation of Salt)

   Dex+5:     It affects your dexterity (+5).
   Slay+5:    It affects your accuracy & damage with ranged weapons and melee
   (+5).
   ^Contam:   It causes magical contamination when unequipped.
 v - the +3 pair of gauntlets of War (worn) {Slay+5}
   (You acquired it on level 6 of the Dungeon)

   Slay+5:    It affects your accuracy & damage with ranged weapons and melee
   (+5).
 B - the +1 cloak "Hogon" {rPois rN++ Str-5 Int+2}
   (You found it on level 5 of the Pits of Slime)

   Str-5:     It affects your strength (-5).
   Int+2:     It affects your intelligence (+2).
   rPois:     It protects you from poison.
   rN++:      It greatly protects you from negative energy.
 N - the +0 mask of the Dragon (worn) {Will+ Slay+3 SInv}
   (You acquired it on level 3 of the Vaults)

   Slay+3:    It affects your accuracy & damage with ranged weapons and melee
   (+3).
   Will+:     It increases your willpower.
   SInv:      It lets you see invisible.
Gizmo
 R - a geosubsystem Ver.10 (installed) {AutoDazzle, rPois rF+ rCorr}
   (You invented it yourself on level 5 of the Lair of Beasts)

   [geosubsystem Ver.10]

   AutoDazzle: It sometimes fires a blinding ray at enemies whose attacks you
   dodge.
   rF+:       It protects you from fire.
   rPois:     It protects you from poison.
   rCorr:     It protects you from acid and corrosion.
Wands
 c - a wand of flame (56)
 d - a wand of charming (59)
 r - a wand of warping (72)
 J - a wand of quicksilver (30)
 K - a wand of digging (6)
 P - a wand of mindburst (34)
 Q - a wand of polymorph (26)
Scrolls
 a - 11 scrolls of blinking
 f - 2 scrolls of revelation
 m - 16 scrolls of fear
 q - 8 scrolls of poison
 y - 16 scrolls of teleportation
 z - 11 scrolls of immolation
 A - 8 scrolls of fog
 C - 8 scrolls of vulnerability
 G - a scroll of torment
 X - 4 scrolls of butterflies
Potions
 g - a potion of enlightenment
 l - 21 potions of curing
 n - 18 potions of mutation
 o - 5 potions of magic
 s - 4 potions of cancellation
 w - 3 potions of berserk rage
 D - 4 potions of brilliance
 E - a potion of ambrosia
 H - 3 potions of might
 I - 4 potions of heal wounds
 L - 7 potions of attraction
 M - 5 potions of lignification
 O - 6 potions of haste
Miscellaneous
 b - a sack of spiders
 i - a phantom mirror
 k - a lightning rod (4/4)
 p - the horn of Geryon (inert)
 F - a phial of floods
 Y - a condenser vane


   Skills:
 O Level 27 Fighting
 + Level 16.2 Long Blades
 + Level 14.2 Polearms
 - Level 12.0 Armour
 + Level 24.8 Dodging
 - Level 8.0 Stealth
 - Level 3.0 Spellcasting
 - Level 10.0 Translocations
 - Level 6.0 Air Magic
 - Level 23.0 Evocations


You had 16 spell levels left.
You knew the following spells:

 Your Spells              Type           Power      Damage    Failure   Level
a - Apportation           Tloc           54%        N/A       1%          1
b - Lesser Beckoning      Tloc           54%        N/A       1%          2
c - Teleport Other        Tloc           27%        N/A       1%          3
e - Blink                 Tloc           54%        N/A       1%          2
f - Passage of Golubria   Tloc           27%        N/A       3%          4
v - Vhi's Electric Charg  Tloc/Air       44%        N/A       9%          4

Your spell library contained the following spells:

 Spells                   Type           Power      Damage    Failure   Level
 Momentum Strike          Conj/Tloc      28%        3d8       4%          2
 Shock                    Conj/Air       36%        1d5       7%          1
 Volatile Blastmotes      Fire/Tloc      28%        2d12      9%          3
 Mercury Vapours          Alch/Air       18%        N/A       11%         2
 Static Discharge         Conj/Air       18%        3-4/arc   11%         2
 Cigotuvi's Dreadful Rot  Necr/Alch/Air  14%        N/A       16%         2
 Foxfire                  Conj/Fire      4%         2x1d4     24%         1
 Magic Dart               Conj           4%         1d3       24%         1
 Necrotise                Necr           4%         1d4       24%         1
 Sandblast                Erth           2%         2d4       24%         1
 Slow                     Hex            4%         N/A       24%         1
 Sting                    Conj/Alch      4%         1d3       24%         1
 Summon Small Mammal      Summ           4%         N/A       24%         1
 Mephitic Cloud           Conj/Alch/Air  7%         N/A       30%         3
 Dimensional Bullseye     Hex/Tloc       7%         N/A       30%         4
 Iskenderun's Mystic Bla Conj/Tloc 14%            2d5        (+2d2     30%         4
 Ensorcelled Hibernation  Hex/Ice        2%         N/A       34%         2
 Jinxbite                 Hex            2%         N/A       34%         2
 Searing Ray              Conj           2%         2d4       34%         2
 Sublimation of Blood     Necr           1%         N/A       34%         2
 Dispersal                Tloc           13%        N/A       52%         6
 Gell's Gavotte           Tloc           13%        2d(17-25) 52%         6
 Call Canine Familiar     Summ           1%         N/A       56%         3
 Dazzling Flash           Conj/Hex       2%         N/A       56%         3
 Fugue of the Fallen      Necr           1%         N/A       56%         3
 Inner Flame              Hex/Fire       1%         N/A       56%         3
 Sigil of Binding         Hex            1%         N/A       56%         3
 Stone Arrow              Conj/Erth      2%         3d7       56%         3
 Tukima's Dance           Hex            1%         N/A       56%         3
 Arcjolt                  Conj/Air       4%         1d14      88%         5
 Silence                  Hex/Air        4%         N/A       88%         5
 Anguish                  Hex/Necr       0%         N/A       93%         4
 Animate Armour           Summ/Erth      2%         N/A       93%         4
 Animate Dead             Necr           1%         N/A       93%         4
 Brom's Barrelling Bould  Conj/Erth      1%         2d3       93%         4
 Dispel Undead            Necr           1%         3d6       93%         4
 Flame Wave               Conj/Fire      1%         2d4       93%         4
 Fulminant Prism          Conj/Alch      0%         3d5       93%         4
 Leda's Liquefaction      Alch/Erth      0%         N/A       93%         4
 Martyr's Knell           Necr/Summ      1%         N/A       93%         4
 Petrify                  Alch/Erth      1%         N/A       93%         4
 Summon Blazeheart Golem  Fire/Summ      1%         N/A       93%         4
 Freezing Cloud           Conj/Ice/Air   3%         6-21      96%         5
 Manifold Assault         Tloc           13%        N/A       97%         7
 Alistair's Intoxication  Alch           0%         N/A       100%        5
 Borgnjor's Vile Clutch   Necr/Erth      0%         N/A       100%        5
 Curse of Agony           Necr           1%         N/A       100%        5
 Fireball                 Conj/Fire      0%         3d3       100%        5
 Irradiate                Conj/Alch      0%         3d11      100%        5
 Iskenderun's Battlesphe  Conj           1%         2d6       100%        5
 Lee's Rapid Deconstruct  Erth           0%         3d4*      100%        5
 Metabolic Englaciation   Hex/Ice        0%         N/A       100%        5
 Summon Mana Viper        Hex/Summ       1%         N/A       100%        5
 Yara's Violent Unravell  Hex/Alch       0%         3d3       100%        5
 Bombard                  Conj/Erth      0%         9d1       100%        6
 Conjure Ball Lightning   Conj/Air       4%         3x3d6     100%        6
 Death Channel            Necr           0%         N/A       100%        6
 Eringya's Noxious Bog    Alch           0%         4d6       100%        6
 Permafrost Eruption      Ice/Erth       0%         2x4d2     100%        6
 Plasma Beam              Fire/Air       4%         2x1d14    100%        6
 Starburst                Conj/Fire      0%         6d3       100%        6
 Enfeeble                 Hex            0%         N/A       100%        7
 Haunt                    Necr/Summ      0%         N/A       100%        7
 Malign Gateway           Summ/Tloc      7%         N/A       100%        7
 Orb of Destruction       Conj           0%         9d5       100%        7
 Spellforged Servitor     Conj/Summ      0%         N/A       100%        7
 Disjunction              Tloc           13%        N/A       100%        8
 Infestation              Necr           0%         N/A       100%        8
 Lehudib's Crystal Spear  Conj/Erth      0%         10d2      100%        8
 Maxwell's Capacitive Co  Air            8%         ∞         100%        8
 Chain Lightning          Conj/Air       4%         3d6       100%        9
 Fire Storm               Conj/Fire      0%         6d1       100%        9
 Shatter                  Erth           0%         3d5*      100%        9


Dungeon Overview and Level Annotations

Branches:
Dungeon (15/15)            Temple (1/1) D:6            Lair (5/5) D:10
  Swamp (4/4) Lair:2        Snake (4/4) Lair:2        Slime (5/5) Lair:5
    Orc (2/2) D:11            Elf (3/3) Orc:2        Vaults (5/5) D:14
  Crypt (0/3) Vaults:3     Depths (4/4) D:15           Hell (visited)
    Dis (0/7) Hell            Geh (0/7) Hell            Coc (0/7) Hell
    Tar (0/7) Hell            Zot (5/5) Depths:4     Bailey (visited)
Desolation (visited)      Gauntlet (visited)

Altars:
Ashenzari
Cheibriados
Dithmenos
Elyvilon
Fedhas
Gozag
Hepliaklqana
Kikubaaqudgha
Makhleb
Nemelex Xobeh
Okawaru
Qazlal
Ru
Sif Muna
Trog
Uskayaw
Vehumet
Wu Jian
Xom
Yredelemnul
Zin
The Shining One
Beogh
Jiyva

Shops:
D:3 *?*   D:6 !(*   D:9 *!   D:10 !   D:12 =**   Orc:2 [(?[   Elf:1 (((
Elf:3 :   Snake:1 :!:?   Vaults:2 ?   Vaults:3 =   Vaults:4 ?:   Vaults:5 [
Depths:1 *   Depths:2 [[*   Depths:3 :=:*

Portals:
Hell: Depths:1 Depths:2 Depths:3 Depths:4
Abyss: Depths:3
Pandemonium: Depths:2 Depths:4
Ziggurat: Depths:4

Annotations:
D:9 1 runed translucent door
D:10 1 transporter
Abyss:1 Murray, Zenata


Innate Abilities, Weirdness & Mutations

You can wield a second weapon in your off-hand.
It takes a long time for you to wield or remove held weapons.
Your first few attacks do less damage.
You cannot equip rings or amulets.
You are partially covered in iridescent scales. (AC +2)
You have supernaturally acute eyesight. (SInv)
You sometimes lose your temper in combat.
You are strong-willed. (Will+)
You are somewhat resistant to both further mutation and mutation removal.
You are resistant to electric shocks. (rElec)
You are vulnerable to heat. (rF-)
Your movements are slightly less encumbered by armour. (ER -2)


Message History

You barely miss the blizzard demon with your +9 double sword of freezing.
You impale the blizzard demon with the +8 demon trident "Rift"!!
You kill the blizzard demon!
The Council accepts your kill.
You feel a strong urge to attack something.
You feel your anger nearly subside.
You are no longer berserk.
You are exhausted.
You feel yourself slow down.
There is an open door here.
There is a stone staircase leading up here.
You climb upwards.
There is a stone staircase leading down here.
There is an escape hatch in the ceiling here.
HP restored.
A mysterious force pulls you upwards. The hatch slams shut behind you.
Aiming: Dig
Press: ? - help, Shift-Dir - straight line You can't see that place.
The rock shatters into small pieces.
Aiming: Dig
Press: ? - help, Shift-Dir - straight line You can't see that place. [a stone staircase leading up.]
Okay, then.
Unknown command.
Aiming: Dig
Press: ? - help, Shift-Dir - straight line You can't see that place. [a stone staircase leading up.]
The rock shatters into small pieces.
You feel yourself speed up.
There is a stone staircase leading up here.
You climb upwards.
There is a stone staircase leading down here.
You recover from your berserk rage.
A rakshasa comes into view. It is wielding a +0 whip.
The rakshasa blinks!
There is a staircase leading out of the dungeon here.
You have escaped!

#.#..>.....................
#.#.....#............#.#.##
#......##.....#.#.##.#.#.##
#......##.....#.#.##...#...
#......##©....#.#.#........
#.#.#########.#.#.##.###...
#.##########..#.#..........
#.#....##©#.#.#.####.###...
#######.#....###@#..#.##.#.# ####
........#....##.#.#.#....#.#
#########....#.#.##.####.#.#
###..†..................#.#
#.........##.#.#.#......#.#
###.######.##.#.#[.........######
...........##.#.#..#####.##......
###.##.######.#.#.># ##.##......
....##.#....#.#.#..# #......÷...


There were no monsters in sight!

Vanquished Creatures
  the Royal Jelly (Slime:5)
  Dissolution (Slime:4)
  3 dread liches
  3 orbs of fire (Zot:5)
  2 ancient liches (Zot:5)
  Mara (Abyss:1)
  A juggernaut (Depths:2)
  The ghost of Kaumoscho the Slayer, a veteran OnBe of Trog (Zot:2)
  Boris (Depths:4)
  Bai Suzhen (Vaults:5)
  7 Killer Klowns (Zot:5)
  2 curse toes (Zot:1)
  Saint Roka (Vaults:1)
  A caustic shrike (Depths:3)
  9 golden dragons
  Geryon (Hell)
  4 electric golems
  17 tentacled monstrosities
  25 Orb Guardians
  2 liches
  A Brimstone Fiend (Depths:2)
  2 walking frostbound tomes (Zot:2)
  6 titans
  4 quicksilver dragons
  10 sphinxes
  A walking divine tome (Zot:2)
  21 acid blobs
  4 tentacled starspawn
  14 storm dragons
  11 death cobs
  14 shadow dragons
  Agnes (Snake:4)
  A thorn hunter (Swamp:3)
  6 tengu reavers
  Aizul (Snake:2)
  Kirke (Lair:5)
  8 draconian monks
  3 protean progenitors
  The ghost of Jigsaw the Covert, an adept GnDe of Gozag (Swamp:3)
  A rockslime (Slime:5)
  6 azure jellies
  3 nagarajas (Snake:4)
  2 narguns (Zot:2)
  9 frost giants
  7 draconian knights
  2 deep elf sorcerers
  4 fire giants
  5 draconian shifters
  Louise (Swamp:4)
  4 draconian scorchers
  The ghost of Plog the Cruncher, a journeyman DsMo of Gozag (D:15)
  12 vault wardens
  A ghost moth (Zot:3)
  7 deep elf elementalists
  A draconian stormcaller (Zot:1)
  An imperial myrmidon (Desolation)
  22 ironbound preservers
  A cacodemon (Hell)
  3 draconian annihilators
  3 ghouls (Swamp:1)
  2 demonspawn corrupters (Depths:1)
  12 stone giants
  4 reapers (Hell)
  4 quicksilver oozes
  11 green draconians
  7 deep elf death magi
  21 very ugly things
  3 eleionomae
  The ghost of DimondSprtn the Severer, a journeyman CoCA of Ignis (Lair:2)
  8 ironbound thunderhulks
  2 vampire knights
  7 deep elf demonologists
  A halazid warlock (Desolation)
  10 black draconians
  2 lorocyprocas
  10 red draconians
  4 bunyips (Swamp:4)
  10 purple draconians
  6 war gargoyles
  5 dire elephants
  10 white draconians
  Azrael (Abyss:2)
  12 yellow draconians
  3 spark wasps (Depths:3)
  8 deep elf annihilators
  6 fire dragons
  8 ettins
  4 crystal guardians
  2 blizzard demons
  6 ragged hierophants
  13 great orbs of eyes
  3 green deaths
  10 yaktaur captains
  9 deep elf high priests
  Josephine (D:13)
  2 rakshasas
  Erolcha (D:12)
  2 entropy weavers
  9 hydras
  4 ice dragons
  5 servants of whispers (Desolation)
  30 vault guards
  14 ironbound frosthearts
  14 peacekeepers
  2 spriggan skeletons
  8 ogre magi
  3 salamander tyrants
  5 alligators
  2 hell beasts
  4 ghost crabs
  6 centaur warriors
  17 anacondas
  A sphinx zombie (Depths:1)
  A two-headed ogre (shapeshifter) (Vaults:4)
  A catoblepas (Lair:1)
  A boulder beetle (shapeshifter) (Depths:4)
  3 deep troll shamans
  3 spriggan air magi
  31 dancing weapons
  12 naga sharpshooters
  9 two-headed ogres
  3 vampire magi
  4 death yaks (Lair:1)
  11 hell hogs
  4 deep troll earth magi
  5 tengu warriors
  5 thrashing horrors
  A titan zombie (Depths:1)
  5 orc high priests
  7 sun demons
  An occultist (Depths:1)
  9 shock serpents
  10 naga warriors
  16 hell knights
  9 spriggan berserkers
  13 soul eaters
  15 deep elf knights
  2 sixfirhies
  2 shadow wraiths (Vaults:5)
  3 wretched stars
  3 salamander mystics
  4 goliath frogs
  A skyshark (Lair:4)
  A cherub (Zot:5)
  6 spatial maelstroms (Abyss:3)
  A death drake (Gauntlet)
  8 iron trolls
  64 deep trolls
  4 glowing orange brains
  5 arcanists
  15 mana vipers
  An orange crystal statue (Depths:2)
  2 shadow demons
  A flayed ghost (Depths:1)
  2 sea snakes (Snake:4)
  7 swamp dragons
  10 bog bodies
  5 naga ritualists
  4 spriggan druids
  6 orc knights
  2 phantasmal warriors (Vaults:5)
  2 wolf spider zombies (D:15)
  3 obsidian bats (Orc:2)
  19 deep elf pyromancers
  22 ironbound convokers
  25 deep elf zephyrmancers
  17 necromancers
  11 deep elf archers
  18 lindwurms
  An oklob plant (Lair:3)
  8 starcursed masses (Abyss:2)
  4 cyclopes
  2 tengu skeletons
  3 shining eyes
  3 worldbinders
  30 ugly things
  29 moths of wrath
  11 salamanders
  A toenail golem (Zot:2)
  A moth of wrath (shapeshifter) (Vaults:5)
  5 orc sorcerers
  4 will-o-the-wisps
  A shining eye (shapeshifter) (Vaults:3)
  9 elephants
  2 spectral centaurs (Gauntlet)
  3 meliai (D:14)
  An apocalypse crab (Abyss:2)
  2 dire elephant zombies
  34 black mambas
  A fire giant skeleton (Vaults:3)
  An ice statue (D:9)
  Joseph (D:10)
  12 guardian serpents
  A rust devil (Hell)
  2 centaur zombies
  14 vault sentinels
  A torpor snail (Lair:2)
  8 naga magi
  2 human skeletons (Vaults:3)
  2 molten gargoyles (Desolation)
  A gargoyle (D:14)
  10 cane toads
  6 orange demons
  4 smoke demons
  An unseen horror (D:12)
  4 eyes of devastation
  A centaur skeleton (Hell)
  2 hellions
  8 large abominations
  A catoblepas zombie (Hell)
  8 komodo dragons
  A dire elephant skeleton (Hell)
  2 kobold demonologists
  3 rime drakes
  5 tengu conjurers
  15 yaktaurs
  An alligator snapping turtle skeleton (Hell)
  4 freezing wraiths
  Psyche (D:10)
  A tormentor (Abyss:3)
  An ice devil (Hell)
  4 bloated husks
  A red devil (Hell)
  12 trolls
  A silent spectre (Depths:2)
  A hellwing (Abyss:2)
  7 tyrant leeches
  11 polar bears
  A tarantella (Vaults:5)
  A wolf spider simulacrum (D:15)
  2 trolls (shapeshifter)
  3 hornets
  4 raiju
  18 dream sheep
  56 saltlings (Desolation)
  9 blink frogs
  4 harpy skeletons
  7 glass eyes
  71 slime creatures
  An air elemental (Abyss:1)
  A slime creature (shapeshifter) (Vaults:5)
  A jumping spider (shapeshifter) (Elf:1)
  8 shadows
  5 wyverns
  2 centaur simulacra (Hell)
  7 wraiths
  8 water elementals
  2 vampires
  3 ynoxinuls (Abyss:1)
  8 spriggans
  A spriggan (shapeshifter) (Lair:4)
  2 neqoxecs
  48 yaks
  A naga simulacrum (Hell)
  8 fire elementals
  4 hogs (Lair:5)
  20 golden eyes
  6 wargs (Lair:5)
  8 basilisks
  3 chaos spawn
  4 steam dragons
  13 vampire mosquitoes
  6 small abominations
  44 nagas
  10 spatial vortices (Abyss:3)
  14 swamp worms
  16 hell hounds
  An acid dragon (D:10)
  18 water moccasins
  A spectral hornet (Gauntlet)
  10 black bears
  25 orc warriors
  6 swamp drakes (Lair:5)
  5 ice beasts
  A sky beast (D:7)
  A black mamba simulacrum (Hell)
  5 laughing skulls
  3 boggarts (Vaults:2)
  A crocodile (shapeshifter) (Vaults:5)
  12 centaurs
  22 ogres
  13 wolves
  A phantom (D:6)
  7 weeping skulls
  16 bullfrogs
  3 elf zombies (Elf:1)
  2 earth elementals
  2 scorpions
  3 wights (D:9)
  13 killer bees (D:9)
  A howler monkey (D:5)
  5 electric eels
  2 bombardier beetles
  A quasit (Abyss:1)
  2 hounds
  3 jellies
  22 orc priests
  A gnoll bouda (D:7)
  6 iguanas
  An iron imp (Abyss:2)
  3 sleepcaps (D:6)
  Natasha (twice) (D:2)
  Terence (D:2)
  17 orc wizards
  8 hell rats (Hell)
  5 gnolls (D:7)
  7 adders
  A shadow imp (Gauntlet)
  4 white imps
  6 ufetubi
  3 dart slugs
  3 ribbon worms
  74 orcs
  6 bats
  8 endoplasms
  5 giant cockroaches
  4 goblins
  9 hobgoblins
  13 kobolds
  4 quokkas
  7 ball pythons
  A frilled lizard (D:2)
  8 rats
  5 aspiring fleshes
  A creeping inferno (Hell)
  A spectral weapon (Zot:5)
  A starspawn tentacle (Abyss:2)
2268 creatures vanquished.

Vanquished Creatures (collateral kills)
  An Orb Guardian (Zot:5)
  2 deep elf blademasters (Elf:3)
  A death cob (Zot:3)
  2 shadow dragons (Vaults:5)
  A deep elf sorcerer (Elf:3)
  A ghost moth (Zot:5)
  A draconian annihilator (Zot:5)
  A black draconian (Zot:5)
  A minotaur (Gauntlet)
  5 hydras
  A naga warrior (Snake:4)
  A naga sharpshooter (Snake:4)
  A salamander mystic (Snake:4)
  An ugly thing (D:15)
  2 polar bears (Lair:5)
  A water elemental (Elf:3)
  2 slime creatures (Slime:5)
  A fire elemental (Gauntlet)
  A warg (Lair:5)
  A naga (Lair:2)
  A hell hound (Lair:5)
  An orc warrior (Bailey)
  A black bear (Lair:5)
  A wolf (Lair:5)
  3 centaurs
  A phantom (D:7)
  A bullfrog (Lair:2)
  A scorpion (D:7)
  An adder (D:3)
  4 orcs
  A goblin (Bailey)
  3 hobgoblins (Bailey)
  A rat (D:2)
48 creatures vanquished.

Vanquished Creatures (others)
  2 deep elf knights (Elf:1)
  A deep elf pyromancer (Elf:2)
  An ugly thing (D:15)
  A black mamba (Snake:1)
  A bloated husk (Swamp:3)
  A raiju (Abyss:1)
  2 humans (Lair:5)
  An acid dragon (D:9)
  A spatial vortex (Abyss:3)
  A black bear (Lair:5)
  A centaur (Lair:2)
  A hell rat (Hell)
  A white imp (D:15)
  An orc (D:5)
  18 foxfires
  4 starspawn tentacles (Abyss:2)
38 creatures vanquished.

Grand Total: 2354 creatures vanquished

Notes
Turn   | Place    | Note
-------+----------+-------------------------------------------
     0 | D:1      | Khashishi the Coglin Artificer began the quest for the Orb.
     0 | D:1      | Reached XP level 1. HP: 15/15 MP: 1/1
    40 | D:1      | Reached skill level 1 in Dodging
    41 | D:1      | Reached skill level 1 in Stealth
    85 | D:1      | Reached XP level 2. HP: 20/21 MP: 2/2
   572 | D:1      | Reached XP level 3. HP: 26/26 MP: 3/3
  1060 | D:2      | Noticed Natasha
  1064 | D:2      | Killed Natasha
  1065 | D:2      | Reached XP level 4. HP: 33/33 MP: 4/4
  1233 | D:2      | You fall into a shaft and drop 2 floors!
  1442 | D:2      | Found a shimmering altar of Xom.
  1450 | D:2      | Became a worshipper of Xom of Bone-Dry Humour
  1591 | D:2      | Noticed Natasha
  1598 | D:2      | Killed Natasha
  1599 | D:2      | Reached skill level 2 in Fighting
  1606 | D:2      | Noticed Terence
  1616 | D:2      | Killed Terence
  1617 | D:2      | Reached XP level 5. HP: 38/38 MP: 5/5
  1824 | D:3      | Found Zocait's General Store.
  1839 | D:3      | Bought a wand of warping (5) for 132 gold pieces
  1874 | D:3      | Reached skill level 5 in Evocations
  1920 | D:3      | XOM: silly message
  1942 | D:3      | XOM: noise
  1974 | D:3      | Found Teoly's Assorted Antiques.
  2340 | D:3      | Found Iriumobi's Magic Scroll Shop.
  2343 | D:3      | Bought a scroll of teleportation for 30 gold pieces
  2386 | D:3      | XOM: cloud trail
  2392 | D:4      | Found a stormy altar of Qazlal.
  2392 | D:4      | Found a shimmering blue altar of Sif Muna.
  2464 | D:4      | Noticed an ogre
  2470 | D:4      | Killed an ogre
  2471 | D:4      | Reached skill level 3 in Fighting
  2471 | D:4      | Reached XP level 6. HP: 47/47 MP: 6/6
  2524 | D:4      | XOM: noise
  2589 | D:3      | Bought a pink potion for 23 gold pieces
  2640 | D:4      | Reached skill level 4 in Fighting
  2640 | D:4      | Reached XP level 7. HP: 54/54 MP: 7/7
  2670 | D:4      | XOM: cloud trail
  2672 | D:4      | Noticed a steam dragon
  2696 | D:4      | Killed a steam dragon
  2747 | D:4      | XOM: confuse monster(s)
  2977 | D:4      | Noticed a steam dragon
  2992 | D:4      | Killed a steam dragon
  3175 | D:4      | Reached skill level 5 in Fighting
  3319 | D:5      | Entered Level 5 of the Dungeon
  3374 | D:5      | XOM: confuse monster(s)
  3381 | D:5      | Reached XP level 8. HP: 60/62 MP: 8/8
  3454 | D:5      | Found a sparkling altar of Nemelex Xobeh.
  3457 | D:5      | Found a hazy altar of Hepliaklqana.
  3746 | D:6      | XOM: smoke on damage
  3748 | D:6      | Reached skill level 5 in Dodging
  3863 | D:6      | XOM: confuse monster(s)
  3921 | D:6      | Found a staircase to the Ecumenical Temple.
  3931 | D:6      | Reached skill level 6 in Fighting
  3937 | Temple   | Entered the Ecumenical Temple
  3954 | D:6      | Found Unoig's General Store.
  4024 | D:6      | Identified a scroll of acquirement
  4086 | D:6      | Found Tiruc's Antique Weapon Shoppe.
  4107 | D:6      | Acquired the +3 pair of gauntlets of War {Slay+5}
  4107 | D:6      | Found the +3 pair of gauntlets of War {Slay+5}
  4199 | D:6      | XOM: 1-stop teleportation journey
  4337 | D:6      | XOM: silly message
  4399 | D:6      | Found Hiaduhat's Distillery.
  4402 | D:6      | Bought a potion of heal wounds for 55 gold pieces
  4402 | D:6      | Bought a potion of curing for 33 gold pieces
  4695 | D:7      | Found a roughly hewn altar of Beogh.
  4750 | D:7      | Reached skill level 7 in Fighting
  4750 | D:7      | Reached XP level 9. HP: 72/72 MP: 9/9
  4868 | D:7      | XOM: 1-stop teleportation journey
  4934 | D:7      | XOM: polymorph bullfrog -> hobgoblin
  4946 | D:7      | Acquired 640 gold pieces
  5147 | D:7      | Reached skill level 1 in Long Blades
  5187 | D:7      | XOM: divination: magic mapping
  5193 | D:7      | Reached skill level 8 in Fighting
  5508 | D:8      | Found a flagged portal.
  5549 | D:8      | XOM: silly message
  5560 | D:8      | Found an ancient bone altar of Kikubaaqudgha.
  5561 | D:8      | Found a sacrificial altar of Ru.
  5657 | Bailey   | Entered a bailey
  5768 | Bailey   | Noticed an orc knight
  5790 | Bailey   | XOM: 2-stop teleportation journey
  5794 | Bailey   | Killed an orc knight
  5795 | Bailey   | Reached XP level 10. HP: 55/82 MP: 10/10
  5926 | Bailey   | XOM: give mutation
  5926 | Bailey   | Gained mutation: You are frail. (-10% HP) [Xom's mischief]
  6017 | D:8      | Reached skill level 9 in Fighting
  6324 | D:9      | XOM: confusion (+ monsters)
  6352 | D:9      | Found a runed translucent door.
  6399 | D:9      | Found a runed translucent door.
  6419 | D:9      | Found a runed translucent door.
  6431 | D:9      | Found a runed translucent door.
  6437 | D:9      | XOM: give mutations
  6437 | D:9      | Gained mutation: You are resistant to electric shocks.
                  | (rElec) [Xom's mischief]
  6437 | D:9      | Gained mutation: You sometimes lose your temper in combat.
                  | [Xom's mischief]
  6437 | D:9      | Gained mutation: You have hidden genetic potential. [Xom's
                  | mischief]
  6461 | D:9      | Found an opulent altar of Gozag.
  6462 | D:9      | XOM: blink monster(s)
  6466 | D:9      | XOM: chaos upgrade
  6470 | D:9      | XOM: swap monsters
  6473 | D:9      | XOM: scenery: create altars
  6490 | D:9      | Reached skill level 5 in Long Blades
  6539 | D:9      | XOM: god gift: orcbow {god gift}
  6580 | D:9      | XOM: swap monsters
  6591 | D:9      | Found Hidorr's Distillery.
  6591 | D:9      | Found Dum Vorch's Assorted Antiques.
  6591 | D:9      | XOM: 3-stop teleportation journey
  6602 | D:9      | Bought a potion of haste for 130 gold pieces
  6610 | D:9      | Bought a wand of warping (4) for 259 gold pieces
  6913 | D:9      | Noticed an ice statue
  6916 | D:9      | XOM: summons 3 hostile demons
  7065 | Temple   | Fell from the grace of Xom
  7065 | Temple   | Became a worshipper of the Wu Jian Council
  7141 | D:10     | Entered Level 10 of the Dungeon
  7177 | D:10     | Found a staircase to the Lair.
  7191 | D:10     | Identified the serpent talisman of Distant Shores {Slay+5}
  7206 | Lair:1   | Entered Level 1 of the Lair of Beasts
  7263 | Lair:1   | Reached skill level 10 in Fighting
  7263 | Lair:1   | Reached XP level 11. HP: 81/81 MP: 11/11
  7263 | Lair:1   | Found a gate leading to a gauntlet.
  7360 | Gauntlet | Entered a Gauntlet
  7360 | Gauntlet | Found a transporter.
  7370 | Gauntlet | Found a transporter.
  7370 | Gauntlet | Found a transporter.
  7371 | Gauntlet | Found a transporter.
  7375 | Gauntlet | Noticed an arcanist
  7379 | Gauntlet | Found a transporter.
  7382 | Gauntlet | Found a transporter.
  7383 | Gauntlet | Found a transporter.
  7385 | Gauntlet | Noticed a death drake
  7391 | Gauntlet | Found a transporter.
  7394 | Gauntlet | Found a transporter.
  7395 | Gauntlet | Found a transporter.
  7406 | Gauntlet | Found a transporter.
  7407 | Gauntlet | Found a transporter.
  7411 | Gauntlet | Found a transporter.
  7415 | Gauntlet | Noticed a cacodemon
  7416 | Gauntlet | Found a transporter.
  7416 | Gauntlet | Found the ring of the Tortoise {AC+8}
  7525 | Gauntlet | Killed an arcanist
  7527 | Gauntlet | Gained mutation: You have supernaturally acute eyesight.
                  | (SInv) [hidden potential]
  7549 | Gauntlet | Killed a death drake
  7801 | Gauntlet | XOM: torment (25/81 hp)
  7991 | Gauntlet | Identified the ring "Buoq Ymi" {rF+ rCorr AC+4}
  7991 | Gauntlet | Noticed a minotaur
  7995 | Gauntlet | Killed a minotaur
  8003 | Gauntlet | Identified the amulet "Cihuutau" {+Inv rElec rF- Regen+
                  | Str+5}
  8127 | Gauntlet | XOM: stat loss: -1 Int (10/11)
  8215 | Lair:1   | Reached skill level 11 in Fighting
  8224 | Lair:1   | Reached * piety under Wu Jian
  8257 | Lair:1   | XOM: stat loss: -2 Dex (17/19)
  8345 | Lair:1   | Noticed a death yak
  8345 | Lair:1   | Noticed a death yak
  8346 | Lair:1   | Noticed a death yak
  8346 | Lair:1   | Noticed a catoblepas
  8346 | Lair:1   | Noticed a death yak
  8353 | Lair:1   | Killed a death yak
  8356 | Lair:1   | Killed a death yak
  8358 | Lair:1   | Killed a death yak
  8359 | Lair:1   | Reached XP level 12. HP: 90/90 MP: 12/12
  8363 | Lair:1   | Killed a catoblepas
  8368 | Lair:1   | Killed a death yak
  8376 | Lair:1   | HP: 4/91 [cane toad (2)]
  8378 | Lair:1   | Reached skill level 12 in Fighting
  8378 | Lair:1   | Gained mutation: You are strong-willed. (Will+) [hidden
                  | potential]
  8378 | Lair:1   | Lost mutation: You have hidden genetic potential. [hidden
                  | potential expressed]
  8418 | Lair:1   | XOM: 1-stop teleportation journey
  8711 | Lair:1   | XOM: stat loss: -3 Str (10/13)
  9141 | Lair:2   | Found a hide-covered altar of Uskayaw.
  9171 | Lair:2   | Noticed a five-headed hydra
  9174 | Lair:2   | Found a staircase to the Swamp.
  9174 | Lair:2   | Noticed a seven-headed hydra
  9174 | Lair:2   | XOM: 1-stop teleportation journey
  9177 | Lair:2   | Killed a seven-headed hydra
  9190 | Lair:2   | Reached skill level 10 in Long Blades
  9208 | Lair:2   | XOM: 3-stop teleportation journey
  9382 | Lair:2   | Noticed a five-headed hydra
  9391 | Lair:2   | Killed a six-headed hydra
  9414 | Lair:2   | XOM: polymorph culicivora -> wyvern
  9442 | Lair:2   | Found a transporter.
  9468 | Lair:2   | Found a staircase to the Snake Pit.
  9629 | Lair:2   | Noticed a spriggan berserker
  9630 | Lair:2   | XOM: summons 4 hostile shadow creatures
  9631 | Lair:2   | Noticed a five-headed hydra
  9696 | Lair:2   | Reached skill level 13 in Fighting
  9877 | Lair:2   | Reached ** piety under Wu Jian
  9915 | Lair:2   | Killed a six-headed hydra
  9982 | Lair:2   | Found a transporter.
 10140 | Lair:3   | You fall into a shaft and drop 2 floors!
 10140 | Lair:5   | Entered Level 5 of the Lair of Beasts
 10145 | Lair:5   | Reached XP level 13. HP: 99/99 MP: 13/13
 10234 | Lair:4   | XOM: polymorph polar bear -> shapeshifter
 10496 | Lair:5   | XOM: scenery: summon butterflies
 10508 | Lair:5   | Found a viscous altar of Jiyva.
 10508 | Lair:5   | Found a staircase to the Slime Pits.
 10582 | Lair:5   | Reached *** piety under Wu Jian
 10607 | Lair:5   | Reached skill level 5 in Stealth
 10614 | Lair:5   | XOM: noise
 10848 | Lair:5   | Identified the +4 war axe "Ruucker" {freeze, rElec rPois
                  | Int+3}
 10908 | Lair:5   | Reached skill level 10 in Dodging
 11012 | Lair:5   | Noticed an ice dragon
 11029 | Lair:5   | Killed an ice dragon
 11169 | Lair:5   | XOM: noise
 11177 | Lair:5   | Reached skill level 14 in Fighting
 11358 | Lair:5   | Reached **** piety under Wu Jian
 11365 | Lair:5   | Noticed Kirke
 11377 | Lair:5   | Killed Kirke
 11378 | Lair:5   | Reached XP level 14. HP: 108/108 MP: 14/14
 11386 | Lair:5   | Acquired a geosubsystem Ver.10 {AutoDazzle, rPois rF+
                  | rCorr}
 11480 | Lair:5   | Got an earthy gem with 101 turns to spare
 12182 | Lair:4   | XOM: 3-stop teleportation journey
 12704 | Lair:4   | XOM: noise
 12911 | Lair:3   | Reached ***** piety under Wu Jian
 13008 | Lair:3   | Reached skill level 10 in Evocations
 13610 | Lair:3   | Learned a level 2 spell: Lesser Beckoning
 13752 | D:12     | Noticed Erolcha
 13757 | D:12     | Killed Erolcha
 13800 | D:13     | Found a hazy altar of Hepliaklqana.
 13853 | D:15     | XOM: noise
 13853 | D:15     | Entered Level 15 of the Dungeon
 13911 | D:15     | Reached skill level 1 in Translocations
 13949 | D:15     | XOM: give mutations
 13949 | D:15     | Gained mutation: You expend magic power (3 MP) to
                  | strengthen your wands. [Xom's grace]
 13949 | D:15     | Gained mutation: You are partially covered in iridescent
                  | scales. (AC +2) [Xom's grace]
 13949 | D:15     | Gained mutation: You are somewhat resistant to further
                  | mutation. [Xom's grace]
 13949 | D:15     | Gained mutation: You are somewhat resistant to both further
                  | mutation and mutation removal. [Xom's grace]
 14146 | D:15     | Found a glowing silver altar of Zin.
 14236 | D:15     | XOM: stat loss: -1 Int (10/11)
 14255 | D:15     | Found a stormy altar of Qazlal.
 14319 | D:15     | Reached skill level 15 in Fighting
 14702 | D:15     | Found a runed translucent door.
 14702 | D:15     | Noticed Plog's ghost (journeyman DsMo)
 14702 | D:15     | Found the +8 demon trident "Rift" {distort, reach+}
 14704 | D:15     | Identified the +1 great sword "Hirchal" {speed, rF+ rCorr}
 14778 | D:15     | Learned a level 1 spell: Apportation
 14792 | D:15     | Reached XP level 15. HP: 116/116 MP: 15/15
 14845 | D:15     | Reached skill level 1 in Spellcasting
 14858 | D:15     | Found a staircase to the Depths.
 14861 | D:15     | Got a smoky gem with 654 turns to spare
 15166 | D:15     | XOM: give mutations
 15166 | D:15     | Lost mutation: You expend magic power (3 MP) to strengthen
                  | your wands. [Xom's mischief]
 15166 | D:15     | Gained mutation: You are vulnerable to heat. (rF-) [Xom's
                  | mischief]
 15263 | D:15     | Killed Plog's ghost
 15274 | D:15     | Upgraded the game from 0.32-a0-814-g0968bab981 to
                  | 0.32-a0-818-gb728d0252e
 15644 | D:14     | Reached skill level 1 in Polearms
 15732 | D:14     | XOM: draining
 15851 | D:14     | Found a gate to the Vaults.
 15982 | D:14     | XOM: scenery: create altars
 15982 | D:14     | Was forgiven by Xom
 15983 | D:14     | Lost mutation: You are frail. (-10% HP) [potion of
                  | mutation]
 15983 | D:14     | Gained mutation: Your movements are slightly less
                  | encumbered by armour. (ER -2) [potion of mutation]
 16495 | D:13     | Noticed Josephine
 16503 | D:13     | Killed Josephine
 16629 | D:13     | Learned a level 3 spell: Teleport Other
 16634 | D:13     | Learned a level 4 spell: Vhi's Electric Charge
 16642 | D:13     | Reached skill level 5 in Polearms
 16734 | D:13     | Reached ****** piety under Wu Jian
 17049 | D:12     | Found Lub Zeru's General Store.
 17080 | D:12     | Found Luiveres's Jewellery Boutique.
 17139 | D:12     | Found Esalaes's Assorted Antiques.
 17156 | D:12     | Bought a condenser vane for 1200 gold pieces
 17156 | D:12     | Bought a scroll labelled KUIKYSCHURE for 30 gold pieces
 17337 | D:12     | Found a blossoming altar of Fedhas.
 17670 | D:10     | Noticed Psyche
 17681 | D:10     | Killed Psyche
 17755 | D:10     | Noticed Joseph
 17764 | D:10     | Killed Joseph
 17852 | D:10     | Found a transporter.
 17879 | D:10     | Found a transporter.
 17905 | D:10     | Found a transporter.
 17928 | D:10     | Found a transporter.
 18104 | D:10     | Found Haxtud's Distillery.
 18114 | D:10     | Bought a potion of heal wounds for 50 gold pieces
 18114 | D:10     | Bought a potion of heal wounds for 50 gold pieces
 18612 | D:11     | Found a staircase to the Orcish Mines.
 18958 | Orc:1    | Entered Level 1 of the Orcish Mines
 19514 | Orc:2    | Entered Level 2 of the Orcish Mines
 19561 | Orc:2    | Found Wexogari's Antique Armour Emporium.
 19568 | Orc:2    | Reached skill level 5 in Translocations
 19569 | Orc:2    | Reached XP level 16. HP: 137/137 MP: 19/19
 19604 | Orc:2    | Found Joikkup's Magic Scroll Shop.
 19609 | Orc:2    | Found Estreeqe's Antique Weapon Shoppe.
 19610 | Orc:2    | Found Liapliyh's Antique Armour Emporium.
 19699 | Orc:2    | Bought a polished leather armour for 175 gold pieces
 19699 | Orc:2    | Identified the +0 leather armour of Sylom {rElec Int+2}
                  | (You bought it in a shop on level 2 of the Orcish Mines)
 19711 | Orc:2    | Bought a scroll of teleportation for 51 gold pieces
 19711 | Orc:2    | Bought a scroll of teleportation for 51 gold pieces
 19711 | Orc:2    | Bought a scroll of blinking for 127 gold pieces
 19717 | Orc:2    | Bought a pair of translucent boots for 256 gold pieces
 19717 | Orc:2    | Identified the +0 pair of boots "Zemeleb" {rC+ Regen+} (You
                  | bought it in a shop on level 2 of the Orcish Mines)
 19717 | Orc:2    | Bought an encrusted ring mail for 243 gold pieces
 19717 | Orc:2    | Identified the +3 ring mail of Light {rC+ Dex-3 Stlth+}
                  | (You bought it in a shop on level 2 of the Orcish Mines)
 19756 | Orc:2    | Found a staircase to the Elven Halls.
 19794 | Orc:2    | Reached skill level 16 in Fighting
 20223 | Elf:1    | Entered Level 1 of the Elven Halls
 20246 | Elf:1    | Reached skill level 1 in Air Magic
 20662 | Elf:1    | Found Gytihy's Weapon Shoppe.
 20676 | Elf:1    | Found Woxzumileo's Antique Weapon Shoppe.
 20817 | Elf:1    | Found Qakuchus's Antique Weapon Shop.
 20906 | Elf:1    | Got the Codex of Dark Magic
 21236 | Elf:2    | Reached XP level 17. HP: 78/144 MP: 20/20
 21747 | Elf:2    | Reached skill level 5 in Air Magic
 21813 | Elf:2    | Found a runed translucent gate.
 21813 | Elf:2    | Found a runed translucent gate.
 21816 | Elf:2    | Found a runed translucent gate.
 21920 | Elf:2    | Reached skill level 15 in Evocations
 21978 | Elf:2    | Reached skill level 17 in Fighting
 22396 | Elf:2    | Identified the blade talisman of Ignis's Hatred {rC+ rN+
                  | Str+3 Dex-5}
 22676 | Snake:1  | Entered Level 1 of the Snake Pit
 22799 | Snake:1  | Reached skill level 5 in Armour
 23106 | Snake:1  | Reached XP level 18. HP: 155/155 MP: 22/22
 23124 | Snake:1  | Found Zoetteir's Book Shoppe.
 23135 | Snake:1  | Found Zaurosh's Magic Scroll Shoppe.
 23135 | Snake:1  | Found Qeox's Book Emporium.
 23140 | Snake:1  | Bought a book of Spatial Translocations for 270 gold pieces
 23143 | Snake:1  | Learned a level 2 spell: Blink
 23143 | Snake:1  | Found Wierual's Distillery.
 23149 | Snake:1  | Bought a potion of haste for 120 gold pieces
 23158 | Snake:1  | Bought a scroll of teleportation for 36 gold pieces
 23158 | Snake:1  | Bought a scroll of blinking for 90 gold pieces
 23158 | Snake:1  | Bought a scroll of enchant weapon for 90 gold pieces
 23483 | Snake:1  | Identified the +0 leather armour of Pride {rF+ rC- Regen+
                  | Int+3}
 24517 | Snake:2  | Identified the serpent talisman "Suxewkem" {*Corrode rN+
                  | Str+2}
 24517 | Snake:2  | Noticed Aizul
 24528 | Snake:2  | Killed Aizul
 24743 | Snake:2  | Noticed Azrael
 24763 | Snake:2  | Banished Azrael
 24926 | Snake:3  | Identified the +7 long sword of Recklessness {drain, Will+
                  | Dex+3}
 25874 | Snake:4  | Entered Level 4 of the Snake Pit
 26412 | Snake:4  | Noticed Agnes
 26423 | Snake:4  | Killed Agnes
 26743 | Snake:4  | Reached skill level 18 in Fighting
 26834 | Snake:4  | Reached XP level 19. HP: 163/163 MP: 23/23
 26923 | Snake:4  | Got a serpentine rune of Zot
 27240 | Lair:2   | Upgraded the game from 0.32-a0-818-gb728d0252e to
                  | 0.32-a0-841-g4648e6c457
 27263 | Swamp:1  | Entered Level 1 of the Swamp
 27561 | Swamp:1  | Acquired 1225 gold pieces
 27641 | Swamp:1  | Identified the +1 arbalest "Pada" {freeze, Fly rF- rC+
                  | rCorr}
 27885 | Swamp:2  | Reached skill level 15 in Dodging
 27936 | Swamp:2  | Found a transporter.
 28190 | Swamp:2  | Found a transporter.
 28255 | Swamp:2  | Identified the ring "Turegix" {Fire rN+ Will- Int+3}
 28258 | Swamp:2  | Identified the +2 pair of boots "Piebb" {rPois rC+ Str-3
                  | Int+3 Stlth+}
 28729 | Swamp:3  | Found a runed translucent gate.
 28730 | Swamp:3  | Found a runed translucent gate.
 28731 | Swamp:3  | Found a runed translucent gate.
 28742 | Swamp:3  | Noticed Jigsaw's ghost (adept GnDe)
 28952 | Swamp:3  | Killed Jigsaw's ghost
 28960 | Swamp:3  | Identified the +1 pair of boots of the Endless Expanse
                  | {rPois Dex-4 SInv}
 28989 | Swamp:4  | Entered Level 4 of the Swamp
 29114 | Swamp:4  | Identified the staff of Amorality {rElec rPois rF+ Int+3
                  | Air}
 29257 | Swamp:4  | Noticed Mara
 29263 | Swamp:4  | Noticed Khashishi's illusion
 29275 | Swamp:4  | Banished Mara
 29324 | Swamp:4  | Noticed Louise
 29336 | Swamp:4  | Killed Louise
 29668 | Swamp:4  | Reached XP level 20. HP: 151/172 MP: 24/24
 29800 | Swamp:4  | Got a decaying rune of Zot
 30140 | Lair:2   | Found a bloodstained altar of Trog.
 30143 | Lair:2   | Noticed DimondSprtn's ghost (journeyman CoCA)
 30155 | Lair:2   | Killed DimondSprtn's ghost
 30178 | Lair:2   | Upgraded the game from 0.32-a0-841-g4648e6c457 to
                  | 0.32-a0-859-gb0a091d592
 30539 | Elf:3    | Entered Level 3 of the Elven Halls
 31007 | Elf:3    | Reached skill level 19 in Fighting
 31046 | Elf:3    | Identified the +6 war axe of Uncomfortable Rashes {flame,
                  | Stlth+}
 31050 | Elf:3    | Found the +10 morningstar "Eos" {elec, Halo rElec}
 31051 | Elf:3    | Identified the +0 leather armour of Hiumapt {Str+4 Int+3}
 31056 | Elf:3    | Identified the +5 quarterstaff "Xuosaado" {flame, rElec rN+
                  | Will+ Str+3}
 31059 | Elf:3    | Identified the amulet of Xefebadd {Reflect Fly rPois Will-
                  | Str-4 SH+5}
 31077 | Elf:3    | Identified the +6 triple crossbow of the Empty Page {elec,
                  | Will+ Dex+4}
 31079 | Elf:3    | Got the Handbook of the Dragon and the Sixfirhy
 31106 | Elf:3    | Got Huduskai's Lessons on Electrocution
 31133 | Elf:3    | Learned a level 3 spell: Gell's Gravitas
 31138 | Elf:3    | Learned a level 4 spell: Passage of Golubria
 31145 | Elf:3    | Identified the +3 lajatang "Zasmaid" {freeze, Str+3}
 31155 | Elf:3    | Got the Discursus on the Fjord
 31157 | Elf:3    | Identified the +5 chain mail of Hospitality {Str+3 Dex+8}
 31465 | Elf:3    | Found Momaligu's Book Shoppe.
 31845 | Vaults:1 | Entered Level 1 of the Vaults
 31845 | Vaults:1 | Noticed Saint Roka
 31855 | Vaults:1 | Killed Saint Roka
 31950 | Vaults:1 | Identified the +1 robe of the Ecumenical Temple {rN+ Str+3
                  | SInv}
 32337 | Vaults:1 | Reached XP level 21. HP: 180/180 MP: 25/25
 32562 | Vaults:1 | Reached skill level 10 in Polearms
 32715 | Vaults:2 | You fall into a shaft and drop 1 floor!
 32799 | Vaults:2 | Found Jaef's Magic Scroll Boutique.
 32819 | Vaults:2 | Bought 2 scrolls of teleportation for 90 gold pieces
 32982 | Vaults:2 | Reached skill level 10 in Translocations
 33018 | Vaults:2 | Found a glowing golden altar of the Shining One.
 33311 | Vaults:2 | Identified the +4 great sword "Jelly's Funeral" {flame, rC-
                  | rN+ rCorr Int+5}
 34157 | Vaults:3 | Reached skill level 20 in Fighting
 34231 | Vaults:3 | Found Niustrei's Jewellery Boutique.
 34437 | Vaults:3 | Reached XP level 22. HP: 187/190 MP: 26/26
 34457 | Vaults:3 | Acquired the +0 mask of the Dragon {Will+ Slay+3 SInv}
 34457 | Vaults:3 | Found the +0 mask of the Dragon {Will+ Slay+3 SInv}
 34813 | Vaults:3 | Found a staircase to the Crypt.
 34900 | Vaults:4 | Noticed Zenata
 34904 | Vaults:4 | Banished Zenata
 34976 | Vaults:4 | Found Capsiom's Magic Scroll Shop.
 35016 | Vaults:4 | Found a portal to a secret trove of treasure.
 35099 | Vaults:4 | Found a crumbling gateway.
 35145 | Desolati | Entered the Desolation of Salt
 35239 | Desolati | Got Sif Muna's Incunabulum of Charged Bolts
 35341 | Desolati | Got the Guidebook on the Promethean Evil Eye
 35347 | Desolati | Identified the +11 mace of Vodka {speed, rElec rC- SInv}
 35350 | Desolati | Identified the +0 leather armour of the Sky {^Contam Dex+5
                  | Slay+5}
 35413 | Desolati | Identified the amulet "Larupr Baolu" {Acrobat Rampage SInv}
 35421 | Desolati | Got the Book of Reconfiguration and Jinxing
 35562 | Desolati | Got the Teachings on Generated Hypothermia
 35647 | Desolati | Identified the +6 glaive of the Slashing Gods {freeze, rC+}
 35778 | Desolati | Got the Codex of Transmogrification and Pyromania
 36417 | Vaults:4 | Found Puntatew's Book Shop.
 36426 | Vaults:4 | Bought a book of the Warp for 930 gold pieces
 36696 | Vaults:4 | You paid a toll of 17 scrolls of teleportation to enter a
                  | treasure trove
 36697 | Trove    | Entered a treasure trove
 36713 | Trove    | Identified the +10 broad axe of Eternity {freeze, *Noise
                  | rElec Dex+3 Stlth+}
 36798 | Vaults:5 | Entered Level 5 of the Vaults
 36817 | Vaults:5 | Reached XP level 23. HP: 199/199 MP: 27/27
 36838 | Vaults:5 | Reached skill level 21 in Fighting
 36874 | Vaults:5 | Noticed Bai Suzhen
 36877 | Vaults:5 | Killed Bai Suzhen
 36934 | Vaults:5 | Got a silver rune of Zot
 37050 | Vaults:5 | Got the Directory of Forceful Malediction
 37086 | Vaults:5 | Identified the staff of Stickiness {rC++ rN+ Will+ Int+2
                  | Dex-2 Necro}
 37089 | Vaults:5 | Identified the +10 dagger "Khashishi's Peril" {vamp, rF+
                  | rC+++ rN+++ Stlth-}
 37171 | Vaults:5 | Found Kagiduq's Armour Emporium.
 37233 | Vaults:5 | Identified the +6 scale mail of Simoleloge {Fly rN+++
                  | Str-3}
 37265 | Vaults:5 | Acquired a +1 double sword of freezing
 37402 | Vaults:5 | Noticed a golden dragon
 37415 | Vaults:5 | Killed a golden dragon
 37461 | Vaults:5 | Identified the scarf "Qauf Beash" {shadows, rF+ Int+2
                  | Dex+2}
 37755 | Vaults:5 | Noticed a dread lich
 37767 | Vaults:5 | Killed a dread lich
 38075 | Vaults:4 | Bought a scroll of enchant weapon for 105 gold pieces
 38450 | Depths:1 | Entered Level 1 of the Depths
 38470 | Depths:1 | Reached XP level 24. HP: 209/209 MP: 27/27
 38470 | Depths:1 | Found a gateway to Hell.
 38580 | Depths:1 | Found Tokhlivo's Overcharged Wands.
 38992 | Depths:1 | Found an ornate altar of the Wu Jian Council.
 39111 | Depths:1 | Upgraded the game from 0.32-a0-859-gb0a091d592 to
                  | 0.32-a0-868-g153ae1a8d6
 39166 | Depths:2 | Found Nucorelyo's Antique Armour Shoppe.
 39184 | Depths:2 | Found Ighoz's Antique Armour Boutique.
 39260 | Depths:2 | Found Raclavett's General Store.
 39300 | Depths:2 | Found a one-way gate leading to the halls of Pandemonium.
 39531 | Depths:2 | You fall into a shaft and drop 2 floors!
 39531 | Depths:4 | Entered Level 4 of the Depths
 39566 | Depths:3 | Reached skill level 22 in Fighting
 39578 | Depths:3 | Reached skill level 15 in Long Blades
 39656 | Depths:2 | Found a flickering gateway to a bazaar.
 39669 | Bazaar   | Entered a bazaar
 39685 | Bazaar   | Found Qeotadu's Armour Shoppe.
 39698 | Bazaar   | Found Koyd's Antique Weapon Shoppe.
 39726 | Bazaar   | Found Paciul's Magic Scroll Emporium.
 39734 | Bazaar   | Bought a scroll of teleportation for 24 gold pieces
 39734 | Bazaar   | Bought a scroll of teleportation for 24 gold pieces
 39734 | Bazaar   | Bought a scroll of fear for 32 gold pieces
 39739 | Bazaar   | Found Feela Ugy's General Store.
 39748 | Bazaar   | Bought a scroll of enchant armour for 60 gold pieces
 39748 | Bazaar   | Bought a potion of enlightenment for 40 gold pieces
 39842 | Depths:2 | Found a transporter.
 40000 | Depths:2 | Identified the +7 plate armour "Quidesog" {Rampage rN++}
 40264 | Depths:2 | Found a transporter.
 40264 | Depths:2 | Found a runed translucent door.
 40264 | Depths:2 | Found a bloodstained altar of Trog.
 40264 | Depths:2 | Found the +8 Wrath of Trog {antimagic, *Rage Rampage}
 40308 | Depths:2 | Noticed a juggernaut
 40317 | Depths:2 | Killed a juggernaut
 40391 | Depths:2 | Identified the +8 plate armour of Resonance {rElec rPois
                  | Int+3 Dex-3}
 40438 | Depths:3 | Found Puciarav's Book Shoppe.
 40438 | Depths:3 | Found Kero Jism's Jewellery Boutique.
 40439 | Depths:3 | Found Dainnyel's Book Shoppe.
 40456 | Depths:3 | Found Cisotro's General Store.
 40598 | Depths:3 | Noticed a caustic shrike
 40602 | Depths:3 | Killed a caustic shrike
 40768 | Depths:4 | Noticed a dread lich
 40769 | Depths:4 | Found a one-way gateway to a ziggurat.
 40772 | Depths:4 | Banished a dread lich
 40824 | Depths:4 | Reached skill level 23 in Fighting
 40828 | Depths:4 | Reached XP level 25. HP: 204/221 MP: 27/27
 40852 | Depths:4 | Found a gate to the Realm of Zot.
 40859 | Depths:4 | Got a midnight gem with 637 turns to spare
 41491 | Depths:4 | Identified the +3 robe "Hesot" {Str+5}
 41491 | Depths:4 | Noticed Boris
 41504 | Depths:4 | Killed Boris
 41621 | Depths:3 | Found a one-way gate to the infinite horrors of the Abyss.
 42022 | Depths:3 | Voluntarily entered the Abyss.
 42086 | Abyss:1  | Reached skill level 24 in Fighting
 42122 | Abyss:1  | Killed a dread lich
 42205 | Abyss:1  | Killed Mara
 42226 | Depths:3 | Escaped the Abyss
 42297 | Depths:3 | Voluntarily entered the Abyss.
 42314 | Abyss:1  | Found a corrupted altar of Lugonu.
 42359 | Abyss:2  | Found a corrupted altar of Lugonu.
 42359 | Abyss:2  | Found a corrupted altar of Lugonu.
 42379 | Abyss:2  | Killed Azrael
 42396 | Abyss:2  | Found a corrupted altar of Lugonu.
 42600 | Abyss:2  | Found a corrupted altar of Lugonu.
 42652 | Abyss:2  | Found a shimmering altar of Xom.
 42667 | Abyss:2  | Found a shimmering altar of Xom.
 42703 | Abyss:2  | Found a corrupted altar of Lugonu.
 42856 | Abyss:3  | Found a corrupted altar of Lugonu.
 42889 | Abyss:3  | Got an abyssal rune of Zot
 42925 | Depths:3 | Escaped the Abyss
 43150 | Slime:1  | Entered Level 1 of the Pits of Slime
 43229 | Slime:3  | Reached skill level 25 in Fighting
 43380 | Slime:5  | Entered Level 5 of the Pits of Slime
 43607 | Slime:5  | Reached skill level 10 in Armour
 43607 | Slime:5  | Reached XP level 26. HP: 235/235 MP: 27/27
 43607 | Slime:5  | Noticed the Royal Jelly
 43619 | Slime:5  | Killed the Royal Jelly
 43659 | Slime:5  | Identified the +1 cloak "Hogon" {rPois rN++ Str-5 Int+2}
 43672 | Slime:5  | Found the +13 sword of the Doom Knight {doom -Cast ^Drain
                  | Will+}
 43696 | Slime:5  | Got a starry gem with 73 turns to spare
 43698 | Slime:5  | Got a slimy rune of Zot
 43744 | Slime:5  | Identified the +1 robe "Atemisewn" {Str+2}
 43797 | Slime:5  | Identified the staff "Ytaysk" {rPois rCorr Int-3 SInv Necro
                  | Alchemy}
 44332 | Slime:4  | Noticed Dissolution
 44340 | Slime:4  | Killed Dissolution
 44848 | Hell     | Entered the Vestibule of Hell
 44848 | Hell     | Noticed Geryon
 44854 | Hell     | Killed Geryon
 44871 | Hell     | Noticed Murray
 44876 | Hell     | Banished Murray
 44926 | Hell     | Found a gateway to the decaying netherworld of Tartarus.
 44976 | Hell     | Found a gateway to the Iron City of Dis.
 45029 | Hell     | Found a gateway to the freezing wastes of Cocytus.
 45151 | Hell     | Found a gateway to the ashen valley of Gehenna.
 45432 | Depths:4 | Upgraded the game from 0.32-a0-868-g153ae1a8d6 to
                  | 0.32-a0-871-ge202e49faa
 45433 | Zot:1    | Entered Level 1 of the Realm of Zot
 45576 | Zot:1    | You fall into a shaft and drop 1 floor!
 45918 | Zot:1    | Reached skill level 26 in Fighting
 46554 | Zot:2    | Found a runed translucent door.
 46554 | Zot:2    | Found a shimmering altar of Xom.
 46554 | Zot:2    | Noticed Kaumoscho's ghost (veteran OnBe)
 46697 | Zot:2    | Reached XP level 27. HP: 245/245 MP: 27/27
 47309 | Zot:2    | Killed Kaumoscho's ghost
 47313 | Zot:2    | Got the Incunabulum of Bruises and the Geodesic
 48101 | Zot:3    | Reached skill level 27 in Fighting
 48158 | Zot:3    | Found the +3 robe of Clouds {*Thunder rCloud rElec}
 49250 | Zot:5    | Entered Level 5 of the Realm of Zot
 49339 | Zot:5    | Noticed an ancient lich
 49348 | Zot:5    | Killed an ancient lich
 49352 | Zot:5    | Noticed a dread lich
 49353 | Zot:5    | Noticed an orb of fire
 49354 | Zot:5    | Noticed an orb of fire
 49355 | Zot:5    | Killed an orb of fire
 49356 | Zot:5    | Noticed an ancient lich
 49357 | Zot:5    | Killed an orb of fire
 49359 | Zot:5    | Killed an ancient lich
 49367 | Zot:5    | Killed a dread lich
 49400 | Zot:5    | Noticed an orb of fire
 49407 | Zot:5    | Killed an orb of fire
 50018 | Zot:5    | Got the Orb of Zot
 50675 | D:$      | Escaped with the Orb!

Illustrated notes

Levels and vault maps discovered:
D:1:      spicycebolla_arrival_risky_transporter, layout_basic, nrook_campfire
D:2:      minmay_general_purpose_star, layout_basic, serial_forest,
          infiniplex_forest_lined_2, infiniplex_forest_straight_4,
          infiniplex_forest_clump_small, infiniplex_forest_clump_long,
          infiniplex_forest_straight_3, infiniplex_forest_lined_corner,
          infiniplex_forest_straight_2, infiniplex_forest_corner_2,
          infiniplex_forest_corner_1, basic_altar, uniq_terence, uniq_natasha
D:3:      layout_loops_ring, serial_shops, shop, nicolae_lakefront_shop,
          nicolae_shop_rolled_up, minmay_misc_feat_rugged,
          minmay_randomly_rotated_circles
D:4:      layout_gridville, chequers_temple_overflow_statue_of_worship,
          minivault_14, minmay_manual_mares
D:5:      layout_rooms, nicolae_overflow_squiral
D:6:      layout_loops_corners, minmay_temple_entry_drinking_statues,
          serial_shops, kennysheep_little_box, shop, kennysheep_mini_moat
D:7:      kennysheep_six_static_rooms, layout_loops_ring,
          david_defended_altar_orc
D:8:      layout_cave_pools, mainiacjoe_overflow_divided_tiny, enter_bailey_2,
          nzn_life_drinkers
D:9:      layout_rooms, nicolae_gozag_seed_capital, nicolae_wooded_promenade,
          minmay_statue_crystal_thing
D:10:     layout_cave_pools, lair_entry_dummy, serial_shops, shop,
          serial_co_window_serial, co_window_paths_a, co_window_corner_a,
          co_window_paths_a, co_window_paths_a, co_window_paths_a,
          co_window_unsneaky_path_d, co_window_2corner,
          co_window_unsneaky_path_e, glass_columns_a, glass_columns_b,
          glass_columns_a, nicolae_diode_intersection, uniq_joseph, uniq_psyche
D:11:     layout_gridville, david_orc_1_choice
D:12:     layout_rooms, serial_shops, shop, shop,
          nicolae_shop_tiny_statue_garden, fedhas_altar_fruit_tree, uniq_erolcha
D:13:     layout_stronghold, nicolae_hepliaklqana_hazy_memory, uniq_josephine
D:14:     layout_basic, david_vaults_1
D:15:     grunt_enter_depths_magical_seal, layout_cave_pods, serial_ice,
          serial_ice_l, serial_ice_f, serial_ice_d, serial_ice_g, serial_ice_m,
          serial_ice_c, serial_ice_o, nicolae_qazlal_general_emergency,
          gammafunk_ghost_grave, zin_academy
Temple:   nicolae_temple_no_exploring_needed
Lair:1:   layout_loops_ring, gauntlet_entry_generic
Lair:2:   layout_chaotic_city, skrybe_swamp_entry_bodies,
          minmay_snake_entry_guardpost_medium,
          gammafunk_ghost_wrathful_warriors, lemuel_centaur_altar
Lair:3:   layout_cave_shapes, minmay_lair_oklob_bushes, fungi_pond_lemuel,
          infiniplex_staircase_pool
Lair:4:   layout_gridlike, grunt_megastairs_1
Lair:5:   hangedman_lair_caniforms_friends, layout_misc_corridors,
          guppyfry_lair_end_dragon, slime_entry_1, uniq_kirke
Swamp:1:  layout_basic_swamp, evilmike_swamp_ruin_house_3, swamp_pool_1_2
Swamp:2:  gammafunk_worm_tunnel, layout_basic_swamp,
          nicolae_swamp_orc_logging_accident, nicolae_swamp_decorative_isthmus
Swamp:3:  layout_falls_marsh, gammafunk_ghost_hydra_chop, hangedman_swamp_pad
Swamp:4:  swamp_vile, layout_basic_swamp, nicolae_swamp_very_dense_foliage,
          uniq_louise, uniq_mara
Snake:1:  layout_chambers, minmay_shoptagon, lemuel_fruit_tree,
          grunt_megastairs_2, serial_bayou_shore_b
Snake:2:  layout_honeycomb, uniq_aizul, uniq_azrael
Snake:3:  layout_chambers, st_stairs_2, nicolae_snake_linked_coils
Snake:4:  snake_pit_salamanders_mu, layout_misc_corridors, grunt_megastairs_5,
          serial_bayou_shore_a, uniq_agnes
Slime:1:  layout_caves
Slime:2:  cheibrodos_slime_lost_civilization_8, layout_caves
Slime:3:  layout_caves
Slime:4:  layout_caves, nicolae_slime_round_cave, uniq_dissolution
Slime:5:  slime_pit_nicolae_trefoil
Orc:1:    layout_caves, nicolae_orc_stony_grotto, minmay_orc_keep
Orc:2:    st_orc_open, layout_caves
Elf:1:    minmay_elf_arrival_circle, layout_loops_corners, serial_shops,
          nicolae_shop_waterfront, nicolae_diamond_shop,
          nicolae_shop_bloodbath_and_beyond, minmay_elf_necromancy
Elf:2:    nicolae_elf_blades_splatter_lattice [nicolae_blade_little_rooms],
          layout_geoelf_octagon, lemuel_flamethrower_3
Elf:3:    minmay_elf_hall_curves, layout_geoelf_castle, serial_shops, shop
Vaults:1: v_misc_17, ontoclasm_vaults_ring_square, nicolae_vaults_stepped_doors,
          nicolae_vaults_turnstiles, nicolae_vaults_cornered_office,
          nicolae_vaults_octothorpe, dpeg_vaults_monster_box,
          ontoclasm_vaults_twist, v_rooms_3,
          vaults_room_grunt_arrival_checkpoint, layout_vaults_maze_snakey,
          uniq_saint_roka
Vaults:2: serial_ice_g, hangedman_vaults_pinch, hangedman_vaults_snaps,
          v_misc_13, nicolae_vaults_sesquioval_fish, st_squares,
          nicolae_vaults_little_squares_2, ontoclasm_vaults_bender,
          nicolae_vaults_house_2, v_pattern_2, grunt_vaults_bifocal,
          vaults_mumra_lcd, vaults_mumra_minichess_inversion,
          lemuel_angel_altar, hangedman_vaults_maws, layout_vaults_omnibox,
          serial_shops, nicolae_diamond_shop
Vaults:3: minmay_crypt_entry_nasty_monster, nicolae_vaults_closet_pinwheel_2,
          nicolae_vaults_trapezoid_1, nicolae_vaults_house_3,
          hangedman_vaults_cutoff, v_pattern_5, grunt_vaults_swirl,
          nicolae_vaults_security_offices_4, vaults_room_door_ring,
          layout_vaults_omnigrid, serial_shops, shop
Vaults:4: portal_desolation_entry_nicolae_slug, nicolae_vaults_specimen_jars,
          nicolae_vaults_border_crossing, nicolae_vaults_tangram_1,
          ontoclasm_vaults_shuriken, nicolae_vaults_offset_grid_hallway_4,
          vaults_dpeg_doors, nicolae_vaults_ring_of_whatevers,
          dpeg_vaults_hating_casters, nicolae_vaults_storage_room_statues,
          v_misc_27, nicolae_vaults_trapezoid_layered, vaults_dpeg_encased_lava,
          layout_vaults_big_cross, serial_shops, nicolae_shop_rolled_up,
          nicolae_shop_gibbet_a_chance, nicolae_trove_entry_diagonal,
          uniq_zenata
Vaults:5: uniq_bai_suzhen
Depths:1: layout_roguey, nicolae_wu_jian_immortal_techniques, hellmouth_3,
          nicolae_shop_overcharged_wands, serial_bayou_shore_b,
          serial_bayou_shore_b, infiniplex_staircase_pool_lava
Depths:2: emtedronai_trogs_sanctum, layout_honeycomb, grunt_pan_entry_spiral,
          pf_coc_iceberg, nicolae_tricolors, serial_shops, bzr_entry_lakeside,
          shop, shop, shop, minivault_16
Depths:3: minmay_curly_fans, layout_cave_shapes, serial_shops,
          nicolae_shop_peninsula, hangedman_abyss_entry_splay,
          grunt_hell_entry_dis_old, grunt_decor_fettered, minmay_shop_grove,
          infiniplex_staircase_diamond, uniq_josephina
Depths:4: grunt_zot_entry_hairpin, layout_gridlike, enter_ziggurat_d,
          hangedman_tar_grid_catacomb, rand_demon_pan_entry_9,
          serial_bayou_shore_b, uniq_boris
Hell
Zot:1:    layout_misc_corridors, hangedman_elemental_corridor
Zot:2:    layout_gridlike, ebering_ghost_xom, nicolae_rock_paper_scissors,
          grunt_megastairs_4
Zot:3:    kennysheep_oblong_rooms, layout_onion, st_stairs_3
Zot:4:    layout_cathedral_of_symmetry, grunt_ministairs_12
Zot:5:    layout_gridville

Skill      XL: |  1  2  3  4  5  6  7  8  9 10 11 12 13 14 15 16 17 18 19 20 21 22 23 24 25 26 27 |
---------------+----------------------------------------------------------------------------------+-----
Dodging        | 1 2 3 4 6 8 9 10 11 12 13 14 15 16 17 18 19 20 24 | 24.8
Stealth        | 1 2 3 4 6 7 8 |  8.0
Armour         | 2 3 4 5 7 8 10 12 | 12.0
Fighting       | 2 3 4 5 7 8 10 11 13 14 15 16 17 18 19 20 21 23 25 26 27 | 27.0
Evocations     | 5 7 9 11 12 14 15 16 18 19 20 21 22 23 | 23.0
Long Blades    | 4 6 8 10 12 13 14 16 | 16.2
Translocations | 2 5 6 7 9 10 | 10.0
Spellcasting   | 2 3 |  3.0
Polearms       | 5 6 8 9 11 12 13 14 | 14.2
Air Magic      | 4 6 |  6.0

Action                     |  1- 3 |  4- 6 |  7- 9 | 10-12 | 13-15 | 16-18 | 19-21 | 22-24 | 25-27 || total
---------------------------+-------+-------+-------+-------+-------+-------+-------+-------+-------++-------
  Melee: Falchion          |       |       |    10 |   293 |   633 |       |       |       |       ||   936
         Hand axe          |       |       |    10 |       |       |       |       |       |       ||    10
         Long sword        |       |       |       |   171 |   160 |   581 |   782 |   427 |       ||  2121
         Rapier            |       |       |       |   120 |   701 |       |       |       |       ||   821
         War axe           |       |       |       |       |    34 |       |       |       |       ||    34
         Demon trident     |       |       |       |       |   301 |   828 |   995 |   845 |  1156 ||  4125
         Double sword      |       |       |       |       |       |       |       |   215 |   948 ||  1163
   Fire: Sling             |   103 |   254 |   532 |       |       |       |       |       |       ||   889
  Throw: Dart              |       |       |       |     8 |       |       |       |       |       ||     8
         Javelin           |       |       |       |     1 |     5 |     2 |     1 |       |       ||     9
   Cast: Lesser Beckoning  |       |       |       |       |       |     1 |       |       |       ||     1
         Vhi's Electric Ch |       |       |       |       |       |       |    20 |    14 |    34 ||    68
         Blink             |       |       |       |       |       |       |     1 |       |       ||     1
 Invoke: Serpent's Lash    |       |       |       |       |     8 |    10 |    13 |    13 |    16 ||    60
         Heavenly Storm    |       |       |       |       |     1 |     1 |     2 |     4 |     5 ||    13
Ability: Lunge             |       |       |       |    27 |   114 |   113 |   125 |   125 |   180 ||   684
         Whirlwind         |       |       |       |     9 |   174 |   176 |   235 |   291 |   348 ||  1233
         Invent Gizmo      |       |       |       |       |     1 |       |       |       |       ||     1
  Evoke: Wand              |     4 |     6 |    24 |    14 |    17 |     7 |    10 |     3 |    12 ||    97
         Phantom mirror    |       |       |       |     3 |     2 |     1 |     1 |       |     2 ||     9
         Sack of spiders   |       |       |       |     2 |     2 |       |     2 |     1 |     3 ||    10
         Condenser vane    |       |       |       |       |       |     1 |       |     1 |     1 ||     3
         Lightning rod     |       |       |       |       |       |       |     4 |       |    13 ||    17
         Phial of floods   |       |       |       |       |       |       |       |     3 |       ||     3
         Horn of Geryon    |       |       |       |       |       |       |       |       |     3 ||     3
    Use: Scroll            |       |     6 |    12 |     5 |    10 |     6 |     3 |    14 |    11 ||    67
         Potion            |       |       |       |     2 |     7 |     1 |     8 |    11 |    19 ||    48
   Stab: Sleeping          |       |       |     2 |    14 |    40 |    27 |    41 |    37 |    24 ||   185
         Distracted        |       |       |       |     4 |     2 |     6 |    10 |    10 |    15 ||    47
         Confused          |       |       |       |     1 |     3 |       |       |       |       ||     4
         Invisible         |       |       |       |     6 |     2 |     5 |     9 |     8 |     8 ||    38
         Held in net/web   |       |       |       |     1 |       |       |       |     1 |       ||     2
 Armour: Ring mail         |    22 |    49 |    86 |       |       |       |       |       |       ||   157
         Leather armour    |     2 |       |    24 |   220 |   376 |   280 |   263 |   143 |   224 ||  1532
  Dodge: Dodged            |    13 |    40 |    92 |   274 |   453 |   399 |   439 |   374 |   593 ||  2677

Table legend: (Time is in decaauts)
 A = Elapsed time spent in this place.
 B = Non-inter-level travel time spent in this place.
 C = Inter-level travel time spent in this place.
 D = Time resting spent in this place.
 E = Time spent auto-exploring this place.
 F = Levels seen in this place.
 G = Mean time per level.
                   A        B        C        D        E       F      G
               +--------+--------+--------+--------+--------+-----+--------+
         Total |  52103 |  47933 |   4170 |   4295 |  19947 |  63 |  827.0 |
       Dungeon |  13688 |  12185 |   1503 |    852 |   6064 |  15 |  912.5 |
        Temple |     17 |      4 |     13 |      0 |      0 |   1 |   17.0 |
          Lair |   6309 |   5860 |    449 |   1288 |   1637 |   5 | 1261.8 |
         Swamp |   3128 |   2975 |    153 |    230 |   1331 |   4 |  782.0 |
     Snake Pit |   4883 |   4561 |    322 |    564 |   2244 |   4 | 1220.8 |
    Slime Pits |   1436 |   1337 |     99 |     82 |    536 |   5 |  287.2 |
  Orcish Mines |   1403 |   1247 |    156 |     29 |    766 |   2 |  701.5 |
   Elven Halls |   3540 |   3276 |    264 |    179 |    989 |   3 | 1180.0 |
        Vaults |   5736 |   5213 |    523 |    297 |   1810 |   5 | 1147.2 |
        Depths |   4053 |   3626 |    427 |     73 |   1484 |   4 | 1013.2 |
          Hell |    447 |    431 |     16 |      0 |    184 |   1 |  447.0 |
           Zot |   4731 |   4489 |    242 |    196 |   2696 |   5 |  946.2 |
         Abyss |    814 |    814 |      0 |      3 |     16 |   4 |  203.5 |
        Bazaar |     89 |     89 |      0 |      0 |     68 |   1 |   89.0 |
         Trove |     30 |     30 |      0 |      0 |      0 |   1 |   30.0 |
        Bailey |    295 |    295 |      0 |      0 |      6 |   1 |  295.0 |
    Desolation |    720 |    720 |      0 |     30 |    113 |   1 |  720.0 |
      Gauntlet |    774 |    774 |      0 |    469 |      0 |   1 |  774.0 |
               +--------+--------+--------+--------+--------+-----+--------+

Top non-repeatable levels by time:
  Lair:5: 1789 daAuts
    D:15: 1750 daAuts
   Elf:2: 1384 daAuts
Depths:2: 1351 daAuts
  Lair:2: 1349 daAuts
 Snake:4: 1320 daAuts
 Snake:1: 1316 daAuts
Vaults:4: 1262 daAuts
  Lair:1: 1234 daAuts
 Swamp:4: 1230 daAuts
Vaults:5: 1209 daAuts
Vaults:3: 1193 daAuts
    D:14: 1185 daAuts
Vaults:2: 1166 daAuts
   Zot:2: 1143 daAuts
